 Dungeon Crawl Stone Soup version 0.27.1-33-g824d729ab1 (webtiles) character file.

Game seed: 11856871685073006002

48 spaced the Grave Robber (level 3, -6/19 HPs)
             Began as a Deep Elf Necromancer on Nov 30, 2021.
             Mangled by a gnoll (8 damage)
             ... on level 2 of the Dungeon.
             The game lasted 00:04:17 (1450 turns).

spaced the Grave Robber (Deep Elf Necromancer)      Turns: 1450, Time: 00:04:19

Health: -6/19      AC:  2    Str:  5    XL:     3   Next: 50%
Magic:  1/10       EV: 13    Int: 20    God:
Gold:   0          SH:  0    Dex: 15    Spells: 5/9 levels left

rFire    . . .     SeeInvis .   e - +0 short sword
rCold    . . .     Faith    .   (no shield)
rNeg     . . .     Spirit   .   a - +0 robe
rPois    .         Reflect  .   (no helmet)
rElec    .         Harm     .   (no cloak)
rCorr    .         Rampage  .   (no gloves)
Will     .....                  (no boots)
Stlth    ++........             (no amulet)
HPRegen  0.06/turn              (no ring)
MPRegen  0.12/turn              (no ring)

@: no status effects
A: no striking features
a: no special abilities


You were on level 2 of the Dungeon.
You visited 1 branch of the dungeon, and saw 2 of its levels.

Inventory:

Hand Weapons
 e - a +0 short sword (weapon)
Missiles
 b - 4 poisoned darts (quivered)
Armour
 a - a +0 robe (worn)
Scrolls
 c - 2 scrolls of magic mapping {unknown}
 d - a scroll of fog {unknown}
 f - a scroll of teleportation {unknown}


   Skills:
 + Level 0.1 Fighting
 + Level 0.2 Short Blades
 + Level 2.7 Dodging
 + Level 2.4 Stealth
 + Level 3.8 Spellcasting
 + Level 5.7 Necromancy


You had 5 spell levels left.
You knew the following spells:

 Your Spells              Type           Power      Damage    Failure   Level
a - Pain                  Necr           100%       1d9       1%          1
b - Animate Skeleton      Necr           54%        N/A       1%          1
c - Sublimation of Blood  Necr           13%        N/A       1%          2

Your spell library contained the following spells:

 Spells                   Type           Power      Damage    Failure   Level
 Vampiric Draining        Necr           13%        2d7       3%          3
 Animate Dead             Necr           13%        N/A       12%         4
 Agony                    Necr           27%        N/A       32%         5
 Petrify                  Tmut/Erth      3%         N/A       78%         4
 Irradiate                Conj/Tmut      1%         3d14      98%         5


Dungeon Overview and Level Annotations

Branches:
Dungeon (2/15)

Altars:


Message History

The gnoll writhes in agony!
You kill the gnoll!
Casting: Pain (safe; 1% risk of failure)
Confirm with . or Enter, or press ? or * to list all spells.
Aiming: Pain (safe; 1% risk of failure)
Press: ? - help, Shift-Dir - straight line, f - gnoll
Aim: a gnoll, wielding a +0 halberd (chance to affect: 89%)
The gnoll writhes in agony.
Casting: Pain (safe; 1% risk of failure)
Confirm with . or Enter, or press ? or * to list all spells.
Aiming: Pain (safe; 1% risk of failure)
Press: ? - help, Shift-Dir - straight line, f/p - gnoll
Aim: a gnoll, wielding a +0 halberd (moderately wounded, chance to affect: 89%)
The gnoll writhes in agony.
Casting: Pain (safe; 1% risk of failure)
Confirm with . or Enter, or press ? or * to list all spells.
Aiming: Pain (safe; 1% risk of failure)
Press: ? - help, Shift-Dir - straight line, f/p - gnoll
Aim: a gnoll, wielding a +0 halberd (moderately wounded, chance to affect: 89%)
The gnoll writhes in agony!
Casting: Pain (safe; 1% risk of failure)
Confirm with . or Enter, or press ? or * to list all spells.
You don't have enough magic to cast this spell.
Unknown command.
You don't have enough magic to cast this spell.
Unknown command.
Throw: 6 darts (poison)
Press: ? - help, Q - select action, (/) - cycle Shift-Dir - straight line, f/p - gnoll
Aim: a gnoll, wielding a +0 halberd (almost dead, 61% to hit)
You throw a poisoned dart. The poisoned dart hits the gnoll.
The gnoll is almost dead.
The gnoll hits you from afar with a +0 halberd!
* * * LOW HITPOINT WARNING * * *
Throw: 5 darts (poison)
Press: ? - help, Q - select action, (/) - cycle Shift-Dir - straight line, f/p - gnoll
Aim: a gnoll, wielding a +0 halberd (almost dead, 61% to hit)
You throw a poisoned dart.
The poisoned dart barely misses the gnoll.
The gnoll hits you from afar with a +0 halberd!
You die...

##........#
#...)(...#
#.#+#....#
#. #....#
#. #(...# #
#....# #
#g.(.#
#.#.#.#+##
#....@#
#.#...#
#.....#
#..#..#
#..#..# #.
#..# #.
####


You could see a gnoll.

Vanquished Creatures
  2 gnolls (D:2)
  A dart slug (D:1)
  An endoplasm (D:1)
  2 goblins (D:1)
  3 hobgoblins (D:1)
  3 jackals (D:1)
  A quokka (D:1)
  5 ball pythons (D:1)
  4 bats
  A kobold (D:1)
  3 rats
26 creatures vanquished.

Notes
Turn   | Place    | Note
-------+----------+-------------------------------------------
     0 | D:1      | spaced the Deep Elf Necromancer began the quest for the
                  | Orb.
     0 | D:1      | Reached XP level 1. HP: 10/10 MP: 6/6
   259 | D:1      | Reached skill level 5 in Necromancy
   314 | D:1      | Reached XP level 2. HP: 11/15 MP: 4/8
   527 | D:1      | Found a faded altar of an unknown god.
   715 | D:1      | Learned a level 1 spell: Animate Skeleton
   718 | D:1      | Learned a level 2 spell: Sublimation of Blood
  1434 | D:2      | Reached XP level 3. HP: 17/19 MP: 7/9
  1450 | D:2      | Mangled by a gnoll

Illustrated notes

Levels and vault maps discovered:
D:1:      minmay_arrival_doors, layout_basic, shapermc_ecumenical_altar_venn,
          serial_park_tiny_1, minmay_statues_item
D:2:      layout_basic, serial_shops, shop_fountains, shop, shop, st_stairs_13,
          uniq_terence

Skill      XL: |  1 |
---------------+----+-----
Necromancy     | 5 |  5.7
Fighting       | |  0.1
Short Blades   | |  0.2
Dodging        | |  2.7
Stealth        | |  2.4
Spellcasting   | |  3.8

Action                   || total
-------------------------++-------
Melee: Short sword       ||     4
Throw: Dart              ||     2
 Cast: Pain              ||    37
 Stab: Sleeping          ||     3
Armor: Robe              ||     2
Dodge: Dodged            ||     1
